 Dungeon Crawl Stone Soup version 0.24.1 (webtiles) character file.

Game seed: 10922281338009755824, levelgen mode: deterministic

11578 Peloso the Blocker (level 11, -10/97 HPs)
             Began as a Minotaur Fighter on Mar 25, 2020.
             Was a High Priest of Okawaru.
             Mangled by a spatial maelstrom (22 damage)
             ... on level 2 of the Abyss.
             The game lasted 00:27:39 (10560 turns).

Peloso the Blocker (Minotaur Fighter)              Turns: 10560, Time: 00:27:40

Health: -10/97     AC: 18    Str: 23    XL:     11   Next: 51%
Magic:  10/10      EV:  8    Int:  5    God:    Okawaru [*****.]
Gold:   577        SH: 16    Dex: 11    Spells: 10/10 levels left

rFire    . . .     SeeInvis .   e - +5 scimitar (freeze)
rCold    + . .     Gourm    .   c - +0 shield
rNeg     . . .     Faith    .   B - +0 plate armour
rPois    .         Spirit   .   (helmet restricted)
rElec    .         Reflect  +   w - +2 cloak
rCorr    .         Harm     .   (no gloves)
MR       .....                  (no boots)
Stlth    ..........             y - +4 amulet of reflection
HPRegen  0.26/turn              i - ring of protection from cold
MPRegen  0.12/turn              G - +1 ring of evasion

@: no status effects
A: retaliatory headbutt, horns 2, [no potion heal 2]
a: Heroism, Finesse, Renounce Religion


You were on level 2 of the Abyss.
You worshipped Okawaru.
Okawaru was extremely pleased with you.
You were hungry.

You visited 2 branches of the dungeon, and saw 11 of its levels.
You visited the Abyss 1 time.
You also visited: Bailey.

You collected 781 gold pieces.
You spent 204 gold pieces at shops.

Inventory:

Hand Weapons
 b - the +9 mace of Modesty {venom, rC+ rN+ Str+2}
   (You found it on level 5 of the Dungeon)

   It poisons the flesh of those it strikes.
   It affects your strength (+2).
   It protects you from cold.
   It protects you from negative energy.
 e - a +5 scimitar of freezing (weapon)
 v - the +5 hand axe of Hepliaklqana's Favour {flame, +Rage +Fly Dex-2}
   (You found it on level 5 of the Dungeon)

   It has been specially enchanted to burn those struck by it, causing extra
   injury to most foes and up to half again as much damage against particularly
   susceptible opponents.
   Big, fiery blades are also staple armaments of hydra-hunters.
   It affects your dexterity (-2).
   It lets you fly.
   It lets you go berserk.
Armour
 c - a +0 shield (worn)
 w - a +2 cloak (worn)
 B - a +0 plate armour (worn)
 D - the +1 acid dragon scales of the Farrier {+Fly rCorr Int+2}
   (You found it in a bailey)

   It affects your intelligence (+2).
   It lets you fly.
   It provides partial protection from all sources of acid and corrosion.
Jewellery
 i - a ring of protection from cold (left hand)
 p - an uncursed ring of fire
 y - a +4 amulet of reflection (around neck)
 G - a +1 ring of evasion (right hand)
 H - a +3 ring of strength {unknown}
Scrolls
 h - a scroll of fear
 j - 2 scrolls of amnesia
 l - 4 scrolls of blinking
 n - 2 scrolls of remove curse
 r - a scroll of torment {unknown}
 s - a scroll of noise {unknown}
 t - 6 scrolls of enchant weapon
 u - a scroll of magic mapping
 x - 2 scrolls of identify
 E - 2 scrolls of silence {unknown}
 F - a scroll of enchant armour {unknown}
Potions
 d - a potion of might
 g - a potion of experience
 m - a potion of magic
 o - 5 potions of curing
 q - 2 potions of flight
 z - a potion of ambrosia
 A - a potion of agility {unknown}
 C - a potion of lignification {unknown}
 I - a potion of brilliance {unknown}
Comestibles
 f - 17 rations


   Skills:
 + Level 9.0 Fighting
 + Level 9.8 Long Blades
   Level 10.1 Polearms
 + Level 10.2 Armour
 + Level 2.4 Dodging
 + Level 0.2 Stealth
 + Level 11.5 Shields
 + Level 0.7 Invocations


You had 10 spell levels left.
You didn't know any spells.
Your spell library contained the following spells:

 Spells                   Type           Power        Failure   Level  Hunger
 Apportation              Tloc           #.....       100%        1    ##.....
 Confusing Touch          Hex            #.....       100%        1    ##.....
 Summon Butterflies       Summ           #.......     100%        1    ##.....
 Dazzling Spray           Conj/Hex       #.....       100%        3    ####...
 Lesser Beckoning         Tloc           #.........   100%        3    ####...
 Tukima's Dance           Hex            #.......     100%        3    ####...
 Summon Lightning Spire   Summ/Air       #.......     100%        4    #####..
 Alistair's Intoxication  Tmut/Pois      #.......     100%        5    ######.
 Lightning Bolt           Conj/Air       #.........   100%        5    ######.
 Invisibility             Hex            #.......     100%        6    #######


Dungeon Overview and Level Annotations

Branches:
Dungeon (10/15)            Temple (1/1) D:4            Lair (0/6) D:8
 Bailey (visited)
    Orc: D:9-12

Altars:
Cheibriados
Dithmenos
Elyvilon
Fedhas
Gozag
Hepliaklqana
Kikubaaqudgha
Okawaru
Qazlal
Ru
Sif Muna
Trog
Uskayaw
Vehumet
Xom
Yredelemnul
Zin

Shops:
D:8 (

Annotations:
D:3 1 runed translucent door, VPR's ghost, amateur HOFi
D:7 3 runed translucent doors, raetorn's ghost, novice CeFi
D:10 Sonja


Innate Abilities, Weirdness & Mutations

You reflexively headbutt those who attack you in melee.
You have a pair of horns on your head.
[Potions are poor at restoring your health.]


Message History

Unknown command.
You are feeling hungry.
x - 2 scrolls of identify (gained 1)
o - 5 potions of curing (gained 1) Magic restored.
A spatial vortex comes into view.
The spatial vortex moves out of view.
A spatial vortex comes into view.
A spatial maelstrom comes into view.
As you read the scroll of teleportation, it crumbles to dust.
You feel strangely unstable.
You feel the power of the Abyss delaying your translocation!
A spatial vortex comes into view. 2 spatial vortices come into view.
A spatial vortex comes into view.
The spatial maelstrom hits you!
* * * LOW HITPOINT WARNING * * *
You feel strangely stable. The spatial maelstrom hits you.
* * * LOW HITPOINT WARNING * * *
Space warps horribly around you!!
You die...

##### # #...#
.# # #@ยง##
..#
#.##v.#...#..
#.###........
#..#.#...#..#
###v###..#
#...# .#.. #
#..#. # . #..
...vv.. ###
#.# .
#.....#.# .#


You could see a spatial maelstrom.

Vanquished Creatures
  2 two-headed ogres (D:9)
  A wretched star (Abyss:2)
  An unseen horror (D:10)
  A large abomination (Abyss:2)
  A gargoyle (D:10)
  3 centaur skeletons
  2 trolls
  A raiju (Abyss:2)
  A hornet (D:9)
  A hippogriff (D:10)
  Sigmund (D:2)
  Eustachio (D:4)
  3 hogs (D:7)
  A human (D:7)
  A wyvern (D:9)
  7 yaks
  A steam dragon (D:9)
  3 porcupines (D:8)
  4 orc warriors
  2 ice beasts
  5 phantoms
  A sky beast (D:8)
  2 ogres
  3 black bears
  A necrophage (D:9)
  A centaur (D:4)
  2 eyes of draining
  2 crocodiles
  A big kobold (D:10)
  A wyvern zombie (D:9)
  5 bullfrogs
  5 killer bees (D:8)
  14 wights
  2 bullfrog zombies
  2 crimson imps
  A centaur zombie (D:5)
  A quasit (Abyss:2)
  2 jellies (D:9)
  3 orc priests
  4 orc wizards
  Crazy Yiuf (D:5)
  2 bullfrog skeletons
  5 hounds
  2 iguanas (D:5)
  Terence (D:2)
  5 worker ants
  A hound skeleton (D:7)
  2 worker ant zombies
  Robin (D:2)
  15 gnolls
  14 adders
  2 shadow imps (D:7)
  4 oozes (D:1)
  An adder skeleton (D:4)
  8 worms
  6 dart slugs
  8 leopard geckos
  12 orcs
  6 bats
  8 giant cockroaches
  21 goblins
  7 hobgoblins
  23 jackals
  20 kobolds
  4 quokkas
  3 ball pythons
  5 frilled lizards
  A leopard gecko skeleton (D:4)
  A quokka zombie (D:8)
  10 rats
295 creatures vanquished.

Vanquished Creatures (others)
  9 kobolds (Bailey)
  2 fungi (D:8)
11 creatures vanquished.

Grand Total: 306 creatures vanquished

Notes
Turn   | Place    | Note
-------+----------+-------------------------------------------
     0 | D:1      | Peloso the Minotaur Fighter began the quest for the Orb.
     0 | D:1      | Reached XP level 1. HP: 19/19 MP: 0/0
     1 | D:1      | Found a runed translucent door.
    39 | D:1      | Reached XP level 2. HP: 18/27 MP: 1/1
    43 | D:1      | Reached skill level 4 in Shields
   440 | D:1      | Reached XP level 3. HP: 33/33 MP: 2/2
   758 | D:2      | Noticed Sigmund
   767 | D:2      | Killed Sigmund
   767 | D:2      | Reached skill level 5 in Long Blades
   767 | D:2      | Reached XP level 4. HP: 22/41 MP: 3/3
   767 | D:2      | Reached XP level 5. HP: 25/47 MP: 4/4
   780 | D:2      | You fall into a shaft and drop 1 floor!
   801 | D:3      | Found a runed translucent door.
   801 | D:3      | Noticed VPR's ghost (amateur HOFi)
  1024 | D:3      | Reached XP level 6. HP: 34/53 MP: 5/5
  1407 | D:3      | Reached skill level 5 in Shields
  1838 | D:2      | Identified the +2 helmet of the Evil One {*Contam rPois MR+
                  | Str+7}
  1838 | D:2      | Noticed Robin
  1855 | D:2      | Killed Robin
  1910 | D:2      | Noticed Terence
  1919 | D:2      | Killed Terence
  1974 | D:2      | Reached skill level 1 in Dodging
  2262 | D:2      | Found an ancient bone altar of Kikubaaqudgha.
  2584 | D:4      | Reached skill level 5 in Fighting
  2584 | D:4      | Reached skill level 5 in Armour
  2584 | D:4      | Reached XP level 7. HP: 51/61 MP: 6/6
  2605 | D:4      | Found a staircase to the Ecumenical Temple.
  2646 | Temple   | Entered the Ecumenical Temple
  2671 | Temple   | Became a worshipper of Warmaster Okawaru
  2936 | D:4      | Noticed Eustachio
  2994 | D:4      | Killed Eustachio
  2994 | D:4      | Reached * piety under Okawaru
  2994 | D:4      | Reached skill level 6 in Shields
  3026 | D:4      | Found a basalt altar of Yredelemnul.
  3073 | D:4      | Reached XP level 8. HP: 57/70 MP: 7/7
  3277 | D:4      | Found a sacrificial altar of Ru.
  3597 | D:5      | Entered Level 5 of the Dungeon
  3627 | D:5      | Found a stormy altar of Qazlal.
  3794 | D:5      | Got a faintly glowing mace
  3809 | D:5      | Identified the +9 mace of Modesty {venom, rC+ rN+ Str+2}
                  | (You found it on level 5 of the Dungeon)
  3812 | D:5      | Got a blackened hand axe
  4288 | D:5      | Found a runed translucent door.
  4289 | D:5      | Noticed Crazy Yiuf
  4296 | D:5      | Killed Crazy Yiuf
  4296 | D:5      | Reached skill level 1 in Polearms
  4988 | D:6      | Reached skill level 7 in Shields
  5358 | D:7      | Found a runed translucent gate.
  5358 | D:7      | Found a runed translucent gate.
  5358 | D:7      | Found a runed translucent gate.
  5361 | D:7      | Noticed raetorn's ghost (novice CeFi)
  5602 | D:7      | Reached ** piety under Okawaru
  5602 | D:7      | Reached XP level 9. HP: 77/78 MP: 8/8
  6007 | D:7      | Reached skill level 5 in Polearms
  6079 | D:8      | Found a blossoming altar of Fedhas.
  6124 | D:8      | Reached skill level 8 in Shields
  6167 | D:8      | Reached *** piety under Okawaru
  6247 | D:8      | Found Widank's Antique Weapon Emporium.
  6261 | D:8      | Found a staircase to the Lair.
  6295 | D:8      | Found a flagged portal.
  6304 | Bailey   | Entered a bailey
  6723 | Bailey   | Reached XP level 10. HP: 79/86 MP: 7/9
  6791 | Bailey   | Found a bloodstained altar of Trog.
  6802 | Bailey   | Got blackened acid dragon scales
  6813 | Bailey   | Identified the +1 acid dragon scales of the Farrier {+Fly
                  | rCorr Int+2} (You found it in a bailey)
  6944 | D:8      | Reached skill level 9 in Shields
  7247 | D:8      | Bought a transparent long sword for 204 gold pieces
  7820 | D:9      | Noticed a two-headed ogre
  7835 | D:9      | Killed a two-headed ogre
  7854 | D:9      | Reached skill level 10 in Shields
  8274 | D:9      | Found a snail-covered altar of Cheibriados.
  8307 | D:9      | Noticed a two-headed ogre
  8536 | D:9      | Reached **** piety under Okawaru
  8678 | D:9      | Killed a two-headed ogre
  8713 | D:9      | Reached skill level 10 in Polearms
  8982 | D:9      | Identified Sijigozu's Papyrus of the Gliding Oath
  9008 | D:9      | Reached ***** piety under Okawaru
  9032 | D:9      | Reached XP level 11. HP: 88/94 MP: 10/10
  9343 | D:9      | Identified the cursed +1 long sword of Trauma {protect,
                  | rElec Str-5 Stlth+} (You bought it in a shop on level 8 of
                  | the Dungeon)
  9348 | D:9      | Identified the +5 hand axe of Hepliaklqana's Favour {flame,
                  | +Rage +Fly Dex-2} (You found it on level 5 of the Dungeon)
  9400 | D:10     | Entered Level 10 of the Dungeon
  9437 | D:10     | Reached skill level 11 in Shields
  9895 | D:10     | Killed an unseen horror
 10328 | D:10     | Noticed Sonja
 10332 | D:10     | Cast into level 2 of the Abyss (Sonja)
 10332 | Abyss:2  | Found an ancient bone altar of Kikubaaqudgha.
 10345 | Abyss:2  | Found a hide-covered altar of Uskayaw.
 10356 | Abyss:2  | Noticed a large abomination
 10469 | Abyss:2  | Noticed a large abomination
 10471 | Abyss:2  | Reached skill level 10 in Armour
 10479 | Abyss:2  | Killed a large abomination
 10489 | Abyss:2  | Noticed a wretched star
 10501 | Abyss:2  | Killed a wretched star
 10502 | Abyss:2  | HP: 2/97 [raiju/living lightning (18)]
 10552 | Abyss:2  | Noticed a spatial maelstrom
 10560 | Abyss:2  | Mangled by a spatial maelstrom

Levels and vault maps discovered:
D:1:      dpeg_arrival_caged_fury, layout_basic
D:2:      layout_loops_ring, lemuel_doored_altar, minmay_parallelograms,
          uniq_terence, uniq_robin, uniq_sigmund
D:3:      layout_loops_ring, hellmonk_ghost_happy_afterlife, minmay_circle_x
D:4:      kennysheep_big_flooded_room, layout_loops_ring,
          yredelemnul_altar_generic, kennysheep_mini_moat,
          minmay_temple_entry_glassed_door, first_ration, uniq_eustachio
D:5:      layout_loops_ring, basic_altar, uniq_crazy_yiuf_cottage
D:6:      layout_loops_corners
D:7:      layout_loops_cross, ebering_ghost_rock_garden, grunt_livestock
D:8:      layout_gridville, due_lair_maze_entry_diamond, serial_shops, shop,
          enter_bailey_2, fedhas_ov_isle_minmay
D:9:      layout_gridville, old_standard_altar, small_statue_intersection,
          kennysheep_generic_room_7
D:10:     layout_rooms, erik_orc_2, uniq_sonja, uniq_erolcha
Temple:   hc_temple_tempest_star
Abyss:2:  base:
D:3

Skill      XL: |  1  2  3  4  5  6  7  8  9 10 11 |
---------------+----------------------------------+-----
Armour         | 4 5 6 7 8 9 10 | 10.2
Shields        | 4 5 6 7 8 10 11 | 11.5
Long Blades    | 5 6 7 8 9 |  9.8
Fighting       | 4 5 6 7 8 9 |  9.0
Dodging        | 1 2 |  2.4
Polearms       | 3 7 10 | 10.1
Stealth        | |  0.2
Invocations    | |  0.7

Action                   |  1- 3 |  4- 6 |  7- 9 | 10-12 || total
-------------------------+-------+-------+-------+-------++-------
Melee: Long sword        |    96 |   195 |   158 |       ||   449
       Headbutt          |    12 |    29 |   103 |    94 ||   238
       Trident           |       |       |   246 |   292 ||   538
       Scimitar          |       |       |       |   104 ||   104
Invok: Heroism           |       |       |     6 |     4 ||    10
  Use: Scroll            |       |     3 |     9 |     6 ||    18
       Potion            |       |     3 |     1 |     1 ||     5
  Eat: Chunk             |       |     4 |     8 |    13 ||    25
       Ration            |       |       |     2 |       ||     2
Armor: Scale mail        |    22 |       |       |       ||    22
       Chain mail        |    56 |   118 |    74 |       ||   248
       Plate armour      |       |       |   113 |   188 ||   301
Dodge: Dodged            |    38 |    65 |   109 |    76 ||   288
Block: Shield            |    75 |   126 |   315 |   338 ||   854
       Reflection        |       |       |    58 |     9 ||    67
       Rpst.: Long sword |     9 |    17 |    16 |       ||    42
       Scimitar          |       |       |       |     5 ||     5
